 Dungeon Crawl Stone Soup version 0.25-a0-544-gee0576305d (webtiles) character file.

Game seed: 17460312914312576552, levelgen mode: deterministic

10 kae the Skirmisher (level 2, 20/24 HPs)
             Began as a Demonspawn Fighter on Feb 20, 2020.
             Quit the game on level 1 of the Dungeon.
             The game lasted 00:00:17 (165 turns).

kae the Skirmisher (Demonspawn Fighter)              Turns: 165, Time: 00:00:17

Health: 20/24      AC:  6    Str: 16    XL:     2   Next: 10%
Magic:  2/2        EV:  6    Int:  9    God:
Gold:   14         SH:  8    Dex: 12    Spells: 1/1 levels left

rFire    . . .     SeeInvis .   a - +0 flail
rCold    . . .     Gourm    .   c - +0 kite shield
rNeg     . . .     Faith    .   b - +0 scale mail
rPois    .         Spirit   .   (no helmet)
rElec    .         Reflect  .   (no cloak)
rCorr    .         Harm     .   (no gloves)
MR       .....                  (no boots)
Stlth    +.........             (no amulet)
HPRegen  0.08/turn              (no ring)
MPRegen  0.08/turn              (no ring)

@: no status effects
A: nightstalker 1
a: no special abilities


You were on level 1 of the Dungeon.
You were not hungry.

You visited 1 branch of the dungeon, and saw 1 of its levels.

You collected 14 gold pieces.

Inventory:

Hand Weapons
 a - a +0 flail (weapon)
Armour
 b - a +0 scale mail (worn)
 c - a +0 kite shield (worn)
Jewellery
 e - an uncursed ring of ice
Scrolls
 g - a scroll of blinking {unknown}
Potions
 d - a potion of might
 h - a potion of ambrosia {unknown}
Comestibles
 f - 2 rations


   Skills:
 + Level 3.2 Fighting
 * Level 2.3 Maces & Flails
 - Level 2.6 Armour
 - Level 2.6 Shields


You had one spell level left.
You didn't know any spells.
Your spell library was empty.

Dungeon Overview and Level Annotations

Branches:
Dungeon (1/15)

Altars:


Innate Abilities, Weirdness & Mutations

You are slightly more attuned to the shadows.


Message History

You closely miss the rat. You block the rat's attack. The rat bites you.
You thump the rat!
You kill the rat!
You have reached level 2!
Your demonic ancestry asserts itself...
You slip into the darkness of the dungeon.
The leopard gecko bites you but does no damage.
You block the leopard gecko's attack.
You barely miss the leopard gecko. The leopard gecko barely misses you.
You miss the leopard gecko.
You block the leopard gecko's attack. x2
Your shield and scale mail prevent you from hitting the leopard gecko.
The leopard gecko bites you. You block the leopard gecko's attack.
You sock the leopard gecko!
You kill the leopard gecko!
No target in view!
No target in view!
No target in view!
No target in view!
No target in view!
Are you sure you want to abandon this character and quit the game? (Confirm with "yes".)

#.....# # #####
####.....# # ....
.........# # #..#
#.....#### # ##..#
###.....## ..#.#...###
#.......
..........#######......)
#......................
#..#..@..#######.......
.....†#### #.....##
....... #.....# .......
...#.### ....... ##.#.#
##..#.. #.#.# #..#.. .#


There were no monsters in sight!

Vanquished Creatures
  A leopard gecko (D:1)
  A bat (D:1)
  A giant cockroach (D:1)
  A hobgoblin (D:1)
  2 frilled lizards (D:1)
  2 kobolds (D:1)
  2 rats (D:1)
10 creatures vanquished.

Notes
Turn   | Place    | Note
-------+----------+-------------------------------------------
     0 | D:1      | kae the Demonspawn Fighter began the quest for the Orb.
     0 | D:1      | Reached XP level 1. HP: 18/18 MP: 1/1
   159 | D:1      | Gained mutation: You are slightly more attuned to the
                  | shadows. [demonic ancestry]
   159 | D:1      | Reached XP level 2. HP: 22/24 MP: 2/2
   165 | D:1      | Quit the game

Levels and vault maps discovered:
D:1:      saegor_arrival_simple_c, layout_basic, corner_web_ring

Skill      XL: |  1 |
---------------+----+-----
Maces & Flails | 2 |  2.3
Fighting       | |  3.2
Armour         | |  2.6
Shields        | |  2.6

Action                   || total
-------------------------++-------
Melee: Flail             ||    36
Armor: Scale mail        ||    14
Dodge: Dodged            ||    10
Block: Kite shield       ||    15

Table legend:
 A = Non-vault XP
 B = Vault XP
 C = Vault XP percentage of total XP
 D = Non-vault monster count
 E = Vault monster count
 F = Vault count percentage of total count
                 A         B        C        D         E       F
            +---------+---------+-------+---------+---------+-------
      Total |      15 |       0 |   0.0 |      10 |       0 |   0.0
            +---------+---------+-------+---------+---------+-------
        D:1 |      15 |       0 |   0.0 |      10 |       0 |   0.0
            +---------+---------+-------+---------+---------+-------
